 Dungeon Crawl Stone Soup version 0.30.1-9-gdf580d7c3d (webtiles) character file.

Game seed: 16626538653367678774

77 lonewolfV2 the Trooper (level 4, -3/55 HPs)
             Began as a Demonspawn Chaos Knight on Oct 24, 2023.
             Was a Plaything of Xom.
             Slain by Jessica
             ... wielding the +7 hand axe "Egg" {flame, *Noise rPois Str+5}
              (7 damage)
             ... on level 2 of the Dungeon.
             The game lasted 00:03:12 (1550 turns).

lonewolfV2 the Trooper (Demonspawn Chaos Knight)    Turns: 1550, Time: 00:03:13

Health: -3/55      AC:  8    Str: 15    XL:     4   Next: 14%
Magic:  4/4        EV: 10    Int: 13    God:    Xom [......]
Gold:   93         SH:  0    Dex: 12    Spells: 3/3 levels left

rFire   . . .        a - +0 hand axe (chaos)
rCold   . . .        (no shield)
rNeg    . . .        h - +0 chain mail
rPois   .            (no helmet)
rElec   .            (no cloak)
rCorr   +            (no gloves)
SInv    .            (no boots)
Will    .....        (no amulet) Stlth
                     n - ring of resist corrosion
HPRegen 0.29/turn    (no ring)
MPRegen 0.09/turn

%: no passive effects
@: berserking, very quick
A: repulsion field 2, foul stench 1
a: Renounce Religion


You were on level 2 of the Dungeon.
You worshipped Xom.
You were a very special plaything of Xom.
You visited 1 branch of the dungeon, and saw 2 of its levels.

You collected 93 gold pieces.

Inventory:

Hand Weapons
 a - a +0 hand axe of chaos (weapon)
Armour
 b - a +2 leather armour
 h - a +0 chain mail (worn)
Jewellery
 n - a ring of resist corrosion (left hand)
Scrolls
 e - a scroll of immolation {unknown}
 f - 3 scrolls of poison
 i - a scroll of identify
Potions
 d - a potion of cancellation
 j - a potion of lignification {unknown}
 k - 2 potions of curing {unknown}
 l - a potion of flight {unknown}
 m - a potion of might {unknown}
Miscellaneous
 c - a piece from Xom's chessboard (11/15) (quivered)


   Skills:
 * Level 3.9 Fighting
 + Level 3.3 Axes
 - Level 2.2 Armour
 - Level 1.5 Dodging


You had 3 spell levels left.
You didn't know any spells.
Your spell library was empty.

Dungeon Overview and Level Annotations

Branches:
Dungeon (2/15)

Altars:

Shops:
D:1 =

Annotations:
D:2 Jessica


Innate Abilities, Weirdness & Mutations

You are surrounded by a moderate repulsion field. (EV +3)
You may rarely emit foul miasma when damaged in melee.


Message History

The ball python constricts you.
You closely miss the ball python.
The ball python is severely wounded.
The ball python bites you. The ball python constricts you.
You escape the ball python's grasp.
The ball python bites you but does no damage.
The ball python closely misses you.
You barely miss the ball python.
The ball python is severely wounded.
The ball python bites you. The ball python closely misses you.
You hit the ball python.
You kill the ball python!
Jessica closely misses you.
You see here a ball python corpse.
You hit Jessica but do no damage.
Jessica hits you with the +7 hand axe "Egg" {flame, *Noise rPois Str+5}!
Jessica burns you.
You closely miss Jessica. Jessica closely misses you.
Jessica points at you and mumbles some strange words.
Pain shoots through your body!
You make a move on Xom's chessboard...
Jessica seems to slow down.
You make a move on Xom's chessboard...
Jessica falls asleep!
The helpless Jessica fails to defend herself.
You hit Jessica.
Jessica is lightly wounded.
Jessica hits you with the +7 hand axe "Egg" {flame, *Noise rPois Str+5}.
Jessica burns you.
You make a move on Xom's chessboard...
Jessica resists with significant effort.
You make a move on Xom's chessboard...
Jessica resists with significant effort.
Jessica hits you with the +7 hand axe "Egg" {flame, *Noise rPois Str+5}!
* * * LOW HITPOINT WARNING * * *
Jessica burns you.
* * * LOW HITPOINT WARNING * * *
A red film seems to cover your vision as you go berserk!
You feel yourself moving faster!
You feel mighty!
Jessica says, "I'm really upset."
Jessica hits you with the +7 hand axe "Egg" {flame, *Noise rPois Str+5}!
You die...

### #.. #.# # #.# .#
#.##.# #....## #.@...#
#@###.# #...#.#
#########.#.#
#......(..#.#
######.#########.#
#..>......)...##.###
#.#....#....#......###
#.####..#.#.####.#...#
#.####..#.#.####.###.#


You could see Jessica (slow).

Vanquished Creatures
  2 adders (D:2)
  A worm (D:2)
  A dart slug (D:1)
  10 ball pythons
  4 endoplasms
  3 giant cockroaches (D:1)
  3 goblins (D:1)
  6 hobgoblins
  3 jackals (D:1)
  A quokka (D:1)
  7 bats
  2 frilled lizards
  6 kobolds
  A rat (D:1)
50 creatures vanquished.

Notes
Turn   | Place    | Note
-------+----------+-------------------------------------------
     0 | D:1      | lonewolfV2 the Demonspawn Chaos Knight began the quest for
                  | the Orb.
     0 | D:1      | Reached XP level 1. HP: 18/18 MP: 1/1
    11 | D:1      | You fall into a shaft and drop 1 floor!
    49 | D:2      | XOM: silly message
    80 | D:2      | XOM: divination: detect creatures
    98 | D:1      | Reached skill level 1 in Dodging
   195 | D:1      | Gained mutation: You may rarely emit foul miasma when
                  | damaged in melee. [demonic ancestry]
   195 | D:1      | Reached XP level 2. HP: 24/24 MP: 2/2
   209 | D:1      | Found Ummioro's Jewellery Shop.
   321 | D:1      | Found a faded altar of an unknown god.
   379 | D:1      | Gained mutation: You are surrounded by a mild repulsion
                  | field. (EV +2) [demonic ancestry]
   379 | D:1      | Reached XP level 3. HP: 29/29 MP: 3/3
  1174 | D:2      | XOM: 2-stop teleportation journey
  1195 | D:2      | XOM: noise
  1234 | D:2      | XOM: noise
  1492 | D:2      | XOM: chaos cloud
  1494 | D:2      | Gained mutation: You are surrounded by a moderate repulsion
                  | field. (EV +3) [demonic ancestry]
  1494 | D:2      | Reached XP level 4. HP: 37/37 MP: 4/4
  1535 | D:2      | Identified the +7 hand axe "Egg" {flame, *Noise rPois
                  | Str+5}
  1535 | D:2      | Noticed Jessica
  1550 | D:2      | Slain by Jessica

Illustrated notes

Levels and vault maps discovered:
D:1:      minmay_arrival_radiant_lines, layout_basic,
          nicolae_ecumenical_lake_church, serial_shops, shop
D:2:      layout_basic, chequers_serial_rivers_micro_a, uniq_jessica

Skill      XL: |  1  2 |
---------------+-------+-----
Dodging        | 1 |  1.5
Armour         | 2 |  2.2
Axes           | 3 |  3.3
Fighting       | |  3.9

Action                     |  1- 3 |  4- 6 || total
---------------------------+-------+-------++-------
  Melee: Hand axe          |   122 |    12 ||   134
         Punch             |     1 |       ||     1
  Evoke: Piece from Xom's  |       |     4 ||     4
    Use: Scroll            |     4 |       ||     4
         Potion            |       |     1 ||     1
   Stab: Sleeping          |       |     1 ||     1
 Armour: Leather armour    |    34 |       ||    34
         Chain mail        |    24 |     7 ||    31
  Dodge: Dodged            |    93 |     7 ||   100
